 Dungeon Crawl Stone Soup version 0.29-a0-813-g4a14ea37d6 (webtiles) character file.

Game seed: 5735500892730463655

7142 pokeman the Thaumaturge (level 10, -5/56 HPs)
             Began as a Deep Elf Hedge Wizard on July 4, 2022.
             Was a Believer of Vehumet.
             Killed from afar by a kobold brigand (16 damage)
             ... with a bolt of light
             ... on level 7 of the Dungeon.
             The game lasted 00:29:07 (13682 turns).

pokeman the Thaumaturge (Deep Elf Hedge Wizard)    Turns: 13682, Time: 00:29:07

Health: -5/56      AC:  8    Str: 18    XL:     10   Next: 85%
Magic:  2/21       EV: 12    Int: 24    God:    Vehumet [**....]
Gold:   305        SH:  0    Dex: 14    Spells: 19/37 levels left

rFire   . . .      SeeInvis .   I - +2 executioner's axe (venom)
rCold   . . .      Faith    .   (shield currently unavailable)
rNeg    + . .      Spirit   .   m - +0 leather armour
rPois   +          Reflect  .   C - +0 helmet
rElec   .          Harm     .   (no cloak)
rCorr   .          Rampage  .   (no gloves)
Will    +....                   A - +2 pair of boots of the Battered Seas {rPois MP-9 Str+5}
Stlth   ++........              (no amulet)
HPRegen 0.18/turn               h - +6 ring of strength
MPRegen 0.17/turn               E - ring of positive energy

@: studying Armour
A: no striking features
a: Renounce Religion


You were on level 7 of the Dungeon.
You worshipped Vehumet.
Vehumet was pleased with you.
You visited 2 branches of the dungeon, and saw 9 of its levels.
You also visited: Bailey.

You collected 584 gold pieces.
You spent 279 gold pieces at shops.

Inventory:

Hand Weapons
 D - a +1 dagger of electrocution
 F - a +0 shortbow
 H - a +1 dagger of venom
 I - a +2 executioner's axe of venom (weapon)
 K - the +5 short sword "Gokhlunug" {venom, Fragile rPois Stlth+}
   (You found it on level 8 of the Dungeon)

   It poisons the flesh of those it strikes.
   rPois:     It protects you from poison.
   Fragile:   It will be destroyed if unequipped.
   Stlth:     It makes you more stealthy.
Missiles
 t - 2 throwing nets
 u - 7 curare-tipped darts
Armour
 m - a +0 leather armour (worn)
 A - the +2 pair of boots of the Battered Seas (worn) {rPois MP-9 Str+5}
   (You bought it in a shop on level 3 of the Dungeon)

   Str:       It affects your strength (+5).
   rPois:     It protects you from poison.
   MP:        It affects your magic capacity (-9).
 C - a +0 helmet (worn)
Jewellery
 h - a +6 ring of strength (left hand)
 E - a ring of positive energy (right hand)
Wands
 a - a wand of light (11)
 c - a wand of iceblast (9)
 q - a wand of charming (3)
 y - a wand of mindburst (11)
 B - a wand of flame (29)
Scrolls
 e - 3 scrolls of noise {unknown}
 f - 8 scrolls of teleportation {unknown}
 i - 3 scrolls of immolation {unknown}
 j - 2 scrolls of enchant armour {unknown}
 n - 7 scrolls of identify {unknown}
 o - a scroll of magic mapping
 s - a scroll of fear {unknown}
 v - a scroll of vulnerability {unknown}
 G - a scroll of poison {unknown}
Potions
 b - 4 potions of flight {unknown}
 d - 2 potions of magic
 g - 3 potions of haste {unknown}
 k - 2 potions of lignification {unknown}
 l - a potion of degeneration {unknown}
 p - 7 potions of curing
 r - 5 potions of heal wounds {unknown}
 w - a potion of invisibility {unknown}
 x - a potion of might {unknown}
 z - a potion of attraction {unknown}
 J - a potion of experience
 L - a potion of mutation {unknown}
 M - a potion of brilliance {unknown}


   Skills:
 - Level 4.0 Fighting
 + Level 4.8 Armour
 - Level 3.0 Dodging
 - Level 3.0 Stealth
 * Level 14.0 Spellcasting
 + Level 8.2 Conjurations
 - Level 1.0 Hexes
 - Level 1.1 Summonings
 - Level 1.1 Translocations
 + Level 7.3 Fire Magic
 - Level 3.1 Ice Magic
 - Level 1.0 Air Magic
 - Level 1.0 Poison Magic
 - Level 1.2 Evocations


You had 19 spell levels left.
You knew the following spells:

 Your Spells              Type           Power      Damage    Failure   Level
a - Magic Dart            Conj           100%       1d8       1%          1
b - Mephitic Cloud        Conj/Pois/Air  33%        N/A       3%          3
c - Call Imp              Summ           22%        N/A       4%          2
d - Blink                 Tloc           44%        N/A       4%          2
e - Conjure Flame         Conj/Fire      52%        6-21      1%          3
f - Foxfire               Conj/Fire      100%       2x1d9     1%          1
g - Freezing Cloud        Conj/Ice/Air   18%        6-21      22%         5
h - Slow                  Hex            84%        N/A       2%          1

Your spell library contained the following spells:

 Spells                   Type           Power      Damage    Failure   Level
 Searing Ray              Conj           100%       2d8       1%          2
 Freeze                   Ice            100%       1d11      1%          1
 Ensorcelled Hibernation  Hex/Ice        52%        N/A       2%          2
 Frozen Ramparts          Ice            62%        1d8       3%          3
 Ignite Poison            Fire/Tmut/Pois 30%        N/A       4%          3
 Hailstorm                Conj/Ice       44%        3d10      4%          4
 Spider Form              Tmut/Pois      19%        N/A       10%         3
 Anguish                  Hex/Necr       9%         N/A       32%         4
 Enfeeble                 Hex            10%        N/A       100%        7


Dungeon Overview and Level Annotations

Branches:
Dungeon (8/15)             Temple (1/1) D:7          Bailey (visited)
   Lair: D:8-11

Altars:
Cheibriados
Dithmenos
Elyvilon
Fedhas
Gozag
Hepliaklqana
Kikubaaqudgha
Makhleb
Nemelex Xobeh
Okawaru
Qazlal
Ru
Sif Muna
Trog
Uskayaw
Vehumet
Wu Jian
Xom
Yredelemnul
Zin
The Shining One

Shops:
D:1 *   D:3 *?!:


Message History

Press: ? - help, Shift-Dir - straight line, f - kobold brigand
Aim: a kobold brigand, wielding a +0 falchion, quivering poisoned darts and carrying a wand of light (8) (moderately wounded, chance to affect: 51%)
The kobold brigand is charmed.
Unknown command.
Your kobold brigand is engulfed in noxious fumes.
Casting: Mephitic Cloud (dangerous; 3% risk of failure)
Confirm with . or Enter, or press ? or * to list all spells.
Aiming: Mephitic Cloud (dangerous; 3% risk of failure)
Press: ? - help, Shift-Dir - straight line, f/p - kobold brigand
Aim: a kobold brigand, wielding a +0 falchion, quivering poisoned darts and carrying a wand of light (8) (moderately wounded, charmed, friendly, chance to affect: 77%) Really fire at your kobold brigand?
The ball explodes into a vile cloud!
The stinking cloud engulfs your kobold brigand but does no damage.
Your kobold brigand is moderately wounded.
Your kobold brigand is engulfed in noxious fumes.
Unknown command.
Unknown command.
Really attack your kobold brigand?
Okay, then.
Unknown command.
There is a stone staircase leading up here.
You climb upwards.
There is a stone staircase leading down here.
Casting: Mephitic Cloud (dangerous; 3% risk of failure)
Confirm with . or Enter, or press ? or * to list all spells.
You miscast Call Imp.
You are very lightly contaminated with residual magic.
Nothing appears to happen.
You swap places.
There is a stone staircase leading down here.
The kobold brigand is no longer charmed.
Your magical contamination has completely faded away.
You completely miss the kobold brigand.
The kobold brigand is lightly wounded.
The kobold brigand barely misses you.
The kobold brigand hits you with a +0 falchion.
* * * LOW HITPOINT WARNING * * *
Unknown command.
The kobold brigand zaps a wand.
The bolt of light hits you!
You die...

#.#.########
#.#........#
#.#.######.#
#####.#.#....#.#
#.....#.#......#
#.#####.####.#.#
#.# #.# #.###
#.# #.####.#####
#@# #>..........
#.# #....#.#####
##K#####.##.#.#
#...........#.#
########.#..#.#
#.#..#.#
#.####.#####
#...........
######......


You could see a kobold brigand.

Vanquished Creatures
  A two-headed ogre (D:8)
  The ghost of
  4206942069 the Skirmisher, a novice DgHu (D:8)
  Pikel (D:4)
  Joseph (D:7)
  A komodo dragon (D:8)
  2 water moccasins
  11 orc warriors
  A sky beast (D:6)
  2 ice beasts
  4 ogres
  13 centaurs
  A lemure (D:4)
  5 kobold brigands (D:8)
  2 bullfrogs
  A scorpion (D:4)
  3 wights (D:8)
  4 howler monkeys
  4 hounds
  3 jellies
  2 orc priests (D:8)
  6 iguanas
  Ijyb (D:4)
  5 orc wizards
  Natasha (thrice) (D:4)
  3 gnolls (D:5)
  12 adders
  2 ufetubi
  2 worms
  6 dart slugs
  38 orcs
  9 endoplasms
  13 goblins
  4 hobgoblins
  6 jackals
  6 quokkas
  11 ball pythons
  10 bats
  4 frilled lizards
  20 kobolds
  3 rats (D:3)
227 creatures vanquished.

Vanquished Creatures (collateral kills)
  Sigmund (D:5)
  An ice beast (D:5)
  A kobold brigand (D:6)
  A dart slug (D:5)
  A kobold (D:6)
5 creatures vanquished.

Vanquished Creatures (others)
  366 foxfires
366 creatures vanquished.

Grand Total: 598 creatures vanquished

Notes
Turn   | Place    | Note
-------+----------+-------------------------------------------
     0 | D:1      | pokeman the Deep Elf Hedge Wizard began the quest for the
                  | Orb.
     0 | D:1      | Reached XP level 1. HP: 10/10 MP: 7/7
   252 | D:1      | Found a faded altar of an unknown god.
   286 | D:1      | Found Duvev's Assorted Antiques.
   508 | D:1      | Reached XP level 2. HP: 16/16 MP: 4/9
  1149 | D:2      | Reached skill level 5 in Spellcasting
  1149 | D:2      | Reached XP level 3. HP: 16/20 MP: 4/11
  1153 | D:2      | Learned a level 3 spell: Mephitic Cloud
  1156 | D:2      | Learned a level 2 spell: Blink
  1158 | D:2      | Learned a level 1 spell: Slow
  1161 | D:2      | Learned a level 2 spell: Call Imp
  1165 | D:2      | Learned a level 3 spell: Conjure Flame
  1360 | D:2      | Reached skill level 1 in Armour
  1365 | D:2      | Reached skill level 1 in Fighting
  1779 | D:2      | Reached XP level 4. HP: 25/25 MP: 0/13
  3047 | D:3      | Found Mamumuur's Book Emporium.
  3239 | D:3      | Found Umammot's Assorted Antiques.
  3261 | D:3      | Found Mudicaef's Magic Scroll Boutique.
  3270 | D:3      | Bought a scroll of magic mapping for 42 gold pieces
  3270 | D:3      | Found Zane's Distillery.
  3400 | D:3      | Reached XP level 5. HP: 29/29 MP: 10/15
  3579 | D:3      | Reached skill level 6 in Spellcasting
  3844 | D:3      | Reached skill level 1 in Hexes
  3844 | D:3      | Reached skill level 1 in Evocations
  4378 | D:4      | Noticed an ogre
  4386 | D:4      | Killed an ogre
  4387 | D:4      | Reached skill level 1 in Fire Magic
  4387 | D:4      | Reached skill level 1 in Poison Magic
  4387 | D:4      | Reached XP level 6. HP: 34/34 MP: 8/17
  4388 | D:4      | Noticed Ijyb
  4633 | D:4      | Reached skill level 7 in Spellcasting
  4715 | D:4      | Killed Ijyb
  4991 | D:4      | Noticed Natasha
  4995 | D:4      | Killed Natasha
  4996 | D:4      | Reached skill level 1 in Air Magic
  5066 | D:4      | Reached XP level 7. HP: 10/38 MP: 0/20
  5079 | D:4      | Noticed Natasha
  5150 | D:4      | Killed Natasha
  5494 | D:4      | Noticed Natasha
  5501 | D:4      | Killed Natasha
  5565 | D:4      | Reached skill level 8 in Spellcasting
  5777 | D:4      | Noticed Pikel
  5806 | D:4      | Killed Pikel
  5807 | D:4      | Reached skill level 9 in Spellcasting
  5807 | D:4      | Reached XP level 8. HP: 41/44 MP: 10/23
  6087 | D:5      | Entered Level 5 of the Dungeon
  6088 | D:5      | Noticed Sigmund
  6096 | D:5      | Killed Sigmund
  6097 | D:5      | Reached skill level 5 in Conjurations
  6213 | D:5      | Reached skill level 10 in Spellcasting
  7431 | D:3      | Bought a pair of heavily runed boots for 237 gold pieces
  7431 | D:3      | Identified the +2 pair of boots of the Battered Seas {rPois
                  | MP-9 Str+5} (You bought it in a shop on level 3 of the
                  | Dungeon)
  7767 | D:6      | Reached XP level 9. HP: 48/48 MP: 9/25
  7987 | D:6      | Reached skill level 11 in Spellcasting
  8684 | D:7      | Noticed Joseph
  8702 | D:7      | Reached skill level 5 in Fire Magic
  8711 | D:7      | Killed Joseph
  8967 | D:7      | Learned a level 5 spell: Freezing Cloud
  9148 | D:7      | Found a staircase to the Ecumenical Temple.
  9157 | Temple   | Entered the Ecumenical Temple
  9475 | Temple   | Became a worshipper of Vehumet
 10097 | D:8      | Found a flagged portal.
 10163 | Bailey   | Entered a bailey
 10164 | Bailey   | Reached * piety under Vehumet
 10164 | Bailey   | Offered knowledge of Foxfire by Vehumet.
 10167 | Bailey   | Learned a level 1 spell: Foxfire
 10194 | Bailey   | Reached skill level 12 in Spellcasting
 10983 | Bailey   | Reached XP level 10. HP: 56/56 MP: 11/28
 10989 | Bailey   | Reached ** piety under Vehumet
 10989 | Bailey   | Offered knowledge of Searing Ray by Vehumet.
 11119 | Bailey   | Reached skill level 1 in Ice Magic
 11978 | D:8      | Reached skill level 13 in Spellcasting
 12178 | D:8      | Noticed a two-headed ogre
 12379 | D:8      | Identified the +5 short sword "Gokhlunug" {venom, Fragile
                  | rPois Stlth+}
 12414 | D:8      | Found a stormy altar of Qazlal.
 12416 | D:8      | Found a shimmering altar of Xom.
 12921 | D:8      | Killed a two-headed ogre
 13074 | D:8      | Noticed 4206942069's ghost (novice DgHu)
 13075 | D:8      | Found a runed translucent gate.
 13075 | D:8      | Found a runed translucent gate.
 13075 | D:8      | Found a runed translucent gate.
 13604 | D:8      | Noticed a sun demon
 13616 | D:8      | Killed 4206942069's ghost
 13617 | D:8      | Reached skill level 14 in Spellcasting
 13682 | D:7      | Killed from afar by a kobold brigand

Illustrated notes

Levels and vault maps discovered:
D:1:      minmay_arrival_arboretum_small, layout_loops_ring, serial_shops, shop,
          basic_ecumenical_altar, st_stairs_14, nrook_mini_backslash
D:2:      layout_basic, minmay_quadrilaterals
D:3:      minmay_thinvault, layout_basic, serial_shops, shop, shop,
          nicolae_shop_temple_entry_statues_fountains, nicolae_shop_trees,
          mrwooster_statue_mirror
D:4:      layout_cave_pods, grunt_ministairs_7, amethyst_killhole,
          serial_bayou_pond_d, uniq_pikel, uniq_natasha, uniq_ijyb
D:5:      layout_cave_pools, minmay_misc_feat_plants, uniq_sigmund
D:6:      layout_basic, serial_glass, glass_columns_a, glass_columns_a
D:7:      layout_basic, minmay_temple_entry_offerings, uniq_joseph
D:8:      layout_loops_ring, mainiacjoe_overflow_catwalk_spiral, enter_bailey_3,
          gammafunk_ghost_nasty_kobolds
Temple:   mainiacjoe_temple_big_plus

Skill      XL: |  1  2  3  4  5  6  7  8  9 10 |
---------------+-------------------------------+-----
Spellcasting   | 5 6 7 9 10 12 14 | 14.0
Armour         | 1 2 3 4 |  4.8
Fighting       | 1 2 3 4 |  4.0
Conjurations   | 2 3 4 5 7 8 |  8.2
Stealth        | 3 |  3.0
Dodging        | 3 |  3.0
Hexes          | 1 |  1.0
Evocations     | 1 |  1.2
Fire Magic     | 1 3 4 6 7 |  7.3
Poison Magic   | 1 |  1.0
Air Magic      | 1 |  1.0
Ice Magic      | 3 |  3.1
Summonings     | |  1.1
Translocations | |  1.1

Action                   |  1- 3 |  4- 6 |  7- 9 | 10-12 || total
-------------------------+-------+-------+-------+-------++-------
Melee: Dagger            |     1 |     2 |    31 |       ||    34
       War axe           |       |     2 |    16 |       ||    18
       Whip              |       |       |    31 |       ||    31
       Executioner's axe |       |       |     2 |    39 ||    41
Throw: Dart              |       |       |     7 |       ||     7
       Throwing net      |       |       |     2 |       ||     2
 Cast: Magic Dart        |    88 |   170 |   173 |     7 ||   438
       Mephitic Cloud    |       |     5 |    30 |    21 ||    56
       Conjure Flame     |       |     1 |    10 |    10 ||    21
       Call Imp          |       |     1 |     6 |     3 ||    10
       Blink             |       |     1 |     4 |     3 ||     8
       Foxfire           |       |       |    62 |   137 ||   199
Evoke: Wand              |       |       |       |     1 ||     1
  Use: Scroll            |       |       |     1 |       ||     1
 Stab: Confused          |       |       |     9 |     4 ||    13
Armor: Robe              |     1 |       |       |       ||     1
       Leather armour    |     3 |     4 |    22 |    26 ||    55
Dodge: Dodged            |    10 |    35 |    66 |    61 ||   172

Table legend: (Time is in decaauts)
 A = Elapsed time spent in this place.
 B = Non-inter-level travel time spent in this place.
 C = Inter-level travel time spent in this place.
 D = Time resting spent in this place.
 E = Time spent auto-exploring this place.
 F = Levels seen in this place.
 G = Mean time per level.
                   A        B        C        D        E       F      G
               +--------+--------+--------+--------+--------+-----+--------+
         Total |  13746 |  13374 |    372 |    818 |  10544 |  10 | 1374.6 |
       Dungeon |  11624 |  11289 |    335 |    560 |   9137 |   8 | 1453.0 |
        Temple |    356 |    319 |     37 |      0 |    305 |   1 |  356.0 |
        Bailey |   1765 |   1765 |      0 |    258 |   1102 |   1 | 1765.0 |
               +--------+--------+--------+--------+--------+-----+--------+

Top non-repeatable levels by time:
     D:3: 2022 daAuts
     D:4: 1938 daAuts
     D:8: 1791 daAuts
  Bailey: 1765 daAuts
     D:5: 1446 daAuts
     D:7: 1287 daAuts
     D:2: 1262 daAuts
     D:1: 965 daAuts
     D:6: 910 daAuts
  Temple: 356 daAuts
